 Dungeon Crawl Stone Soup version 0.25.0-9-g26727b657a (webtiles) character file.

Game seed: 9102215345814213681

33 vurker the Chopper (level 3, -2/28 HPs)
             Began as a Human Skald on June 17, 2020.
             Slain by an ogre
             ... wielding a +0 giant spiked club
              (7 damage)
             ... on level 2 of the Dungeon.
             The game lasted 00:01:35 (1282 turns).

vurker the Chopper (Human Skald)                    Turns: 1282, Time: 00:01:35

Health: -2/28      AC: 11    Str: 12    XL:     3   Next: 47%
Magic:  6/6        EV:  3    Int: 13    God:
Gold:   67         SH:  0    Dex: 12    Spells: 5/6 levels left

rFire    . . .     SeeInvis .   a - +0 hand axe
rCold    . . .     Gourm    .   (no shield)
rNeg     . . .     Faith    .   b - +0 plate armour
rPois    +         Spirit   .   (no helmet)
rElec    .         Reflect  .   (no cloak)
rCorr    .         Harm     .   l - +0 pair of gloves
MR       .....                  (no boots)
Stlth    ..........             c - amulet of regeneration
HPRegen  0.49/turn              f - ring of poison resistance
MPRegen  0.10/turn              (no ring)

@: no status effects
A: no striking features
a: no special abilities


You were on level 2 of the Dungeon.
You were not hungry.

You visited 1 branch of the dungeon, and saw 2 of its levels.

You collected 67 gold pieces.

Inventory:

Hand Weapons
 a - a +0 hand axe (weapon)
Armour
 b - a +0 plate armour (worn)
   (You found it on level 2 of the Dungeon)
 l - a +0 pair of gloves (worn)
   (You found it on level 1 of the Dungeon)
Jewellery
 c - an amulet of regeneration (around neck)
   (You found it on level 2 of the Dungeon)
 f - a ring of poison resistance (left hand)
   (You found it on level 1 of the Dungeon)
Scrolls
 d - 2 scrolls of magic mapping {unknown}
 h - a scroll of identify {unknown}
 j - a scroll of remove curse {unknown}
 k - a scroll of enchant weapon {unknown}
Potions
 g - a potion of might {unknown}
 i - 3 potions of curing {unknown}
Comestibles
 e - 3 rations
 m - 4 chunks of flesh


   Skills:
 + Level 2.6 Fighting
 * Level 3.1 Axes
 - Level 1.0 Armour
 - Level 2.0 Dodging
 - Level 2.0 Spellcasting
 - Level 3.0 Charms


You had 5 spell levels left.
You knew the following spells:

 Your Spells              Type           Power        Failure   Level  Hunger
a - Infusion              Chrm           #...         100%        1    ##.....

Your spell library contained the following spells:

 Spells                   Type           Power        Failure   Level  Hunger
 Shroud of Golubria       Chrm/Tloc      #.....       100%        2    ###....
 Song of Slaying          Chrm           #.......     100%        2    ###....
 Ozocubu's Armour         Chrm/Ice       #.......     100%        3    ####...
 Spectral Weapon          Hex/Chrm       #.......     100%        3    ####...


Dungeon Overview and Level Annotations

Branches:
Dungeon (2/15)

Altars:


Message History

You hit the rat. The rat bites you but does no damage.
You slash the rat!
You kill the rat!
No target in view!
No target in view!
No target in view!
No target in view!
No target in view!
No target in view!
No target in view!
No target in view!
No target in view!
No target in view!
You butcher the rat corpse.
m - 4 chunks of flesh (gained 1)
You see here a rat skeleton. x2
You now have 67 gold pieces (gained 3).
You see here a plate armour.
b - a plate armour You start removing your armour.
You continue taking off your +0 ring mail. x4
You finish taking off your +0 ring mail.
You start putting on your armour.
You continue putting on your plate armour. x5
You finish putting on your +0 plate armour.
Drop what? 14/52 slots (_ for help) (? for menu, Esc to quit)
You drop a +0 ring mail.
An ogre comes into view. It is wielding a +0 giant spiked club.
The ogre shouts!
The ogre moves out of view.
Found a stone staircase leading down.
A hobgoblin comes into view.
The hobgoblin shouts!
There are monsters nearby!
You closely miss the hobgoblin.
The hobgoblin hits you but does no damage.
You hit the hobgoblin.
You kill the hobgoblin!
The ogre hits you with a +0 giant spiked club!
You hit the ogre. You hit the ogre but do no damage.
The ogre hits you with a +0 giant spiked club!!
Ouch! That really hurt!
* * * LOW HITPOINT WARNING * * *
You are too injured to fight recklessly!
Your plate armour prevents you from hitting the ogre.
The ogre barely misses you.
You hit the ogre.
The ogre hits you with a +0 giant spiked club!
You die...

#. .. ..# ... ....>#
#.#..###.#..####
...............
##................# .
#..#...##......#.### #.
#..#...##........... #..
#..#.#.##...@O......
#..##..#.#.##...##.#.##.
.........#..#...# #
............#...##.#
.....................
#..###[###..#........
#..###.##...#.........
............#.........
#รท....................


You could see an ogre.

Vanquished Creatures
  3 leopard geckos
  2 giant cockroaches
  3 goblins
  6 hobgoblins
  A ball python (D:1)
  6 bats (D:1)
  A frilled lizard (D:1)
  5 kobolds (D:1)
  2 rats
29 creatures vanquished.

Notes
Turn   | Place    | Note
-------+----------+-------------------------------------------
     0 | D:1      | vurker the Human Skald began the quest for the Orb.
     0 | D:1      | Reached XP level 1. HP: 16/16 MP: 3/3
   289 | D:1      | Reached XP level 2. HP: 21/22 MP: 5/5
   898 | D:1      | Reached XP level 3. HP: 26/28 MP: 6/6
  1275 | D:2      | Noticed an ogre
  1282 | D:2      | Slain by an ogre

Illustrated notes

Levels and vault maps discovered:
D:1:      dpeg_arrival_short_road, layout_basic, st_stairs_4
D:2:      layout_basic, lemuel_round_altar

Skill      XL: |  1  2  3 |
---------------+----------+-----
Axes           | 3 |  3.1
Fighting       | |  2.6
Armour         | |  1.0
Dodging        | |  2.0
Spellcasting   | |  2.0
Charms         | |  3.0

Action                   || total
-------------------------++-------
Melee: Hand axe          ||   101
  Eat: Chunk             ||     1
Armor: Leather armour    ||    29
       Ring mail         ||    13
       Plate armour      ||     1
Dodge: Dodged            ||    65
